 Dungeon Crawl Stone Soup version 0.29-a0-994-gc5c9f59d18 (webtiles) character file.

Game seed: 14889727845626437642

75760 jt the Cleaver (level 15, -4/84 HPs)
             Began as a Gargoyle Hedge Wizard on Aug 3, 2022.
             Was the Champion of Kikubaaqudgha.
             Slain by a pharaoh ant (22 damage)
             ... on level 1 of the Spider Nest.
             The game lasted 01:57:25 (22369 turns).

jt the Cleaver (Gargoyle Hedge Wizard)             Turns: 22369, Time: 01:57:26

Health: -4/84      AC: 24    Str: 16    XL:     15   Next: 51%
Magic:  35/40      EV: 10    Int: 18    God:    Kikubaaqudgha [******]
Gold:   1750       SH:  5    Dex:  6    Spells: 19/38 levels left

rFire   + + +      SeeInvis .   a - +6 war axe of Xutseimn {protect, rF+++ rC+ Dex-5 Stlth+}
rCold   + + +      Faith    +   F - +1 buckler {AC+3}
rNeg    + . .      Spirit   .   Q - +1 ring mail {rF+}
rPois   ∞          Reflect  .   i - +2 hat {Will+}
rElec   +          Harm     .   g - scarf {rC+ rF+}
rCorr   .          Rampage  .   R - +0 pair of gloves
Will    +....                   (no boots)
Stlth   ++........              q - amulet of faith
HPRegen 0.24/turn               o - ring of protection from cold
MPRegen 0.27/turn               z - ring of magical power

@: about to teleport, weak-willed, flying
A: sickness immunity, AC +11, big wings, negative energy resistance 1,
electricity resistance, torment resistance 1, petrification resistance
a: Renounce Religion, Unearth Wretches, Torment, Brand Weapon With Pain, Receive
Forbidden Knowledge


You were on level 1 of the Spider Nest.
You worshipped Kikubaaqudgha.
Kikubaaqudgha was exalted by your worship.
You visited 5 branches of the dungeon, and saw 19 of its levels.
You also visited: Ossuary and Bailey.

You collected 2207 gold pieces.
You spent 457 gold pieces at shops.

Inventory:

Hand Weapons
 a - the +6 war axe of Xutseimn (weapon) {protect, rF+++ rC+ Dex-5 Stlth+}
   (You found it on level 4 of the Dungeon)

   It grants its wielder temporary protection when it strikes (+7 to AC).
   Dex:       It affects your dexterity (-5).
   rF:        It renders you almost immune to fire.
   rC:        It protects you from cold.
   Stlth:     It makes you more stealthy.
 f - the +4 spear "Ymaarr" {flame, rCorr Str+5 Stlth-}
   (You found it on level 8 of the Dungeon)

   It burns those it strikes, dealing additional fire damage.
   Str:       It affects your strength (+5).
   rCorr:     It protects you from acid and corrosion.
   Stlth:     It makes you less stealthy.
 j - a +2 battleaxe of flaming
 B - the +6 mace "Giasuace" {drain, rF+}
   (You found it on level 4 of the Dungeon)

   A truly terrible weapon, it drains the life of any living foe it strikes.
   rF:        It protects you from fire.
 I - the +8 mace of the Hungering Gods {freeze, rC+}
   (You bought it in a shop on level 4 of the Dungeon)

   It freezes those it strikes, dealing additional cold damage.
   It can also slow down cold-blooded creatures.
   rC:        It protects you from cold.
Missiles
 b - 5 throwing nets
 r - 6 silver boomerangs
 x - 23 poisoned darts
 S - 3 boomerangs of dispersal
 Y - 6 silver javelins
 Z - 2 javelins
Armour
 g - a scarf of resistance (worn)
 i - a +2 hat of willpower (worn)
 F - a +1 buckler of protection (worn)
 L - a +0 helmet
 O - a +1 chain mail of cold resistance
 Q - a +1 ring mail of fire resistance (worn)
 R - a +0 pair of gloves (worn)
Magical Staves
 M - a staff of death
Jewellery
 o - a ring of protection from cold (left hand)
 q - an amulet of faith (around neck)
 y - a ring of protection from fire
 z - a ring of magical power (right hand)
 J - a ring of willpower
Wands
 e - a wand of polymorph (7)
 h - a wand of flame (25)
 m - a wand of light (2)
 u - a wand of mindburst (9)
 K - a wand of paralysis (5)
Scrolls
 c - 2 scrolls of blinking
 k - a scroll of vulnerability
 l - 4 scrolls of identify
 n - 2 scrolls of enchant weapon
 p - 3 scrolls of poison
 s - 4 scrolls of enchant armour
 A - 5 scrolls of teleportation
 C - a scroll of butterflies
 D - 2 scrolls of brand weapon
 U - a scroll of fear
Potions
 d - 9 potions of magic
 v - 3 potions of lignification
 w - 5 potions of brilliance
 G - 7 potions of curing
 H - 6 potions of might
 N - 6 potions of berserk rage
 P - a potion of mutation
 T - a potion of cancellation
 V - 2 potions of invisibility
 W - 4 potions of haste
 X - 2 potions of heal wounds
Miscellaneous
 t - a condenser vane (inert)


   Skills:
 - Level 5.8 Fighting
 + Level 13.0 Axes
 - Level 0.5(9.1) Maces & Flails
 - Level 3.9 Throwing
 - Level 4.0 Armour
 - Level 1.5 Dodging
 - Level 2.1 Stealth
 + Level 5.5 Shields
 + Level 12.1 Spellcasting
 - Level 1.1 Conjurations
 + Level 5.6 Hexes
 - Level 0.8 Summonings
 + Level 12.4 Necromancy
 - Level 5.0 Translocations
 - Level 3.9 Evocations


You had 19 spell levels left.
You knew the following spells:

 Your Spells              Type           Power      Damage    Failure   Level
a - Magic Dart            Conj           56%        1d5       10%         1
b - Blink                 Tloc           58%        N/A       3%          2
c - Necrotise             Necr           100%       1d9       1%          1
d - Vampiric Draining     Necr           53%        2d9       1%          3
e - Dispel Undead         Necr           53%        3d19      1%          4
f - Animate Dead          Necr           53%        N/A       1%          4
g - Anguish               Hex/Necr       21%        N/A       3%          4

Your spell library contained the following spells:

 Spells                   Type           Power      Damage    Failure   Level
 Apportation              Tloc           58%        N/A       1%          1
 Slow                     Hex            100%       N/A       1%          1
 Agony                    Necr           53%        N/A       2%          5
 Portal Projectile        Hex/Tloc       60%        N/A       4%          3
 Summon Small Mammal      Summ           56%        N/A       11%         1
 Death Channel            Necr           26%        N/A       14%         6
 Call Imp                 Summ           14%        N/A       16%         2
 Static Discharge         Conj/Air       12%        3-5/arc   19%         2
 Call Canine Familiar     Summ           14%        N/A       32%         3
 Borgnjor's Vile Clutch   Necr/Erth      16%        N/A       32%         5
 Conjure Flame            Conj/Fire      12%        6-21      34%         3
 Mephitic Cloud           Conj/Pois/Air  12%        N/A       36%         3
 Leda's Liquefaction      Hex/Erth       10%        N/A       43%         4
 Sticky Flame             Conj/Fire      12%        2d4       75%         4
 Animate Armour           Summ/Erth      24%        N/A       77%         4
 Simulacrum               Ice/Necr       16%        N/A       88%         6
 Blade Hands              Tmut           5%         N/A       99%         5
 Iron Shot                Conj/Erth      6%         9d2       100%        6


Dungeon Overview and Level Annotations

Branches:
Dungeon (10/15)            Temple (1/1) D:5            Lair (5/5) D:10
 Shoals (0/4) Lair:3       Spider (1/4) Lair:2          Orc (2/2) D:10
    Elf (0/3) Orc:2       Ossuary (visited)          Bailey (visited)
  Slime: Lair:4-5

Altars:
Ashenzari
Cheibriados
Dithmenos
Elyvilon
Fedhas
Gozag
Hepliaklqana
Kikubaaqudgha
Makhleb
Nemelex Xobeh
Okawaru
Qazlal
Ru
Sif Muna
Trog
Uskayaw
Vehumet
Wu Jian
Xom
Yredelemnul
Zin
The Shining One

Shops:
D:4 :*   D:8 (   Orc:2 :[*(

Annotations:
D:4 3 runed translucent doors, eyesofgods1's ghost, amateur DsFi


Innate Abilities, Weirdness & Mutations

You are immune to sickness and miasma.
Your stone body is resilient. (AC +11)
You are immune to poison.
Your large and strong wings let you fly.
You resist negative energy. (rN+)
You are resistant to electric shocks. (rElec)
You are resistant to unholy torment.
You are immune to petrification.


Message History

Confirm with . or Enter, or press ? or * to list all spells.
Okay, then.
Unknown command.
As you read the scroll of teleportation, it crumbles to dust.
You feel strangely unstable.
You kill the tarantella!
Kikubaaqudgha accepts your kill.
You kill the redback!
Kikubaaqudgha accepts your kill. x2
You feel a bit more experienced.
You kill the redback!
Kikubaaqudgha accepts your kill.
The demonic crawler hits you but does no damage.
The demonic crawler hits you.
* * * LOW HITPOINT WARNING * * *
You block the demonic crawler's attack.
Press: ? - help, v - describe, . - travel
Here: a demonic crawler The floor.
Okay, then.
Press: ? - help, v - describe, . - travel
Here: a demonic crawler The floor.
Aiming: Bolt of Light
Press: ? - help, Shift-Dir - straight line, f - demonic crawler
Aim: a demonic crawler (88% to hit)
The bolt of light hits the demonic crawler!
The demonic crawler is moderately wounded.
The demonic crawler is blinded.
The bolt of light hits the pharaoh ant!
The pharaoh ant is moderately damaged.
The pharaoh ant is blinded.
You hear a shout!
The redback is engulfed in poison gas.
The redback looks as sick as possible!
An entropy weaver comes into view.
The redback is engulfed in poison gas.
The redback looks as sick as possible!
You kill the redback!
Kikubaaqudgha accepts your kill. The pharaoh ant bites you!!
You die...
Kikubaaqudgha rasps: "You have failed me!
Welcome... oblivion!"

################# ###
☼§§§§§§@§§§§†§§.##..###
§§§§§§#B#§§§§#§#..^...#.
§§#§§#..☼#.#☼§§..#......
§...s§#§..#.#§#.......#
☼#☼ §§#.§#§..##..#.#.#
#§ #☼#.(##§§.#.##..# #
##..# #.B##...Z## #.#
.#..#....#Z## # ##
......#.#Z..#.#


You could see an entropy weaver, a demonic crawler (wandering, blind) and a
pharaoh ant (blind).

Vanquished Creatures
  Gastronok (Lair:1)
  Donald (Orc:2)
  The ghost of Inib the Basher, a journeyman TrFi (Lair:4)
  The ghost of gabibbone the Grappler, a journeyman TrFi of Okawaru (Lair:1)
  A catoblepas (Lair:4)
  A hydra (Lair:2)
  The ghost of Alarak the Thaumaturge, a journeyman DjFE of Makhleb (D:10)
  3 two-headed ogres (Orc:2)
  Sonja (Lair:2)
  Amaemon (D:9)
  A cyclops (Orc:2)
  2 wolf spiders (Spider:1)
  2 manticores
  8 elephants
  A black mamba (Lair:2)
  An orange demon (D:8)
  2 cane toads
  A gargoyle (D:10)
  10 rime drakes
  2 komodo dragons (Lair:2)
  An unseen horror (D:10)
  A wind drake (Lair:3)
  2 trolls (Orc:1)
  3 tarantellas (Spider:1)
  2 hornets (D:9)
  Grinder (D:4)
  7 blink frogs
  A jumping spider (Spider:1)
  2 culicivoras (Spider:1)
  5 spriggans (Lair:4)
  A wraith (Ossuary)
  17 yaks
  5 wyverns
  6 redbacks (Spider:1)
  A catoblepas simulacrum (Lair:1)
  Edmund (D:6)
  5 black bears
  6 water moccasins
  9 orc warriors
  5 centaurs
  19 ogres
  6 wolves
  A kobold brigand (D:8)
  9 bullfrogs
  A gnoll sergeant (D:10)
  11 scorpions
  2 necrophages (D:6)
  3 wights (D:6)
  5 killer bees (D:8)
  A lindwurm simulacrum (Lair:1)
  6 howler monkeys
  2 hounds
  4 orc priests
  A water moccasin simulacrum (Lair:1)
  A jelly (D:7)
  2 gnoll boudas
  Ijyb (D:4)
  5 iguanas
  10 orc wizards
  7 hell rats (Lair:4)
  2 bullfrog simulacra (Lair:1)
  4 mummies
  35 gnolls
  3 adders
  A shadow imp (D:6)
  An ufetubus (D:4)
  2 worms (D:2)
  2 dart slugs
  48 orcs
  10 ball pythons
  5 bats
  8 endoplasms
  9 giant cockroaches
  8 goblins
  3 hobgoblins
  4 quokkas
  A gnoll zombie (Ossuary)
  A goblin zombie (Ossuary)
  6 hobgoblin zombies
  21 kobolds
  3 kobold zombies (Ossuary)
  4 rats
  A butterfly (D:7)
402 creatures vanquished.

Vanquished Creatures (collateral kills)
  Rupert (Orc:2)
  The ghost of Inib the Basher, a journeyman TrFi (Lair:4)
  2 hydras
  Fannar (Lair:2)
  4 two-headed ogres (Orc:2)
  3 ogre magi (Orc:2)
  The ghost of Muleplesh the Ripper, a journeyman FeTm of Sif Muna (Lair:4)
  An orb spider (Spider:1)
  A steelbarb worm (Spider:1)
  2 elephants (Lair:3)
  4 black mambas
  2 cane toads
  5 rime drakes
  A komodo dragon (Lair:1)
  An unseen horror zombie (D:9)
  2 polar bears (Lair:2)
  A troll (Orc:2)
  A hornet (Lair:4)
  A tarantella (Spider:1)
  10 blink frogs
  6 jumping spiders (Spider:1)
  2 spriggans (Lair:4)
  8 yaks
  2 culicivoras (Spider:1)
  3 wyverns
  2 basilisks
  2 redbacks (Spider:1)
  3 water moccasins
  A hornet zombie (D:9)
  An orc warrior (Orc:2)
  A black bear (Lair:2)
  11 ogres
  4 wolves
  3 boggarts (Lair:4)
  A gnoll sergeant (D:7)
  A kobold brigand (D:9)
  6 bullfrogs
  2 cane toad simulacra (Lair:1)
  4 killer bees
  A komodo dragon simulacrum (Lair:1)
  3 orc priests
  2 orc wizards
  4 hell rats (Lair:4)
  A gnoll (D:7)
  4 orcs
  A bush (Lair:3)
124 creatures vanquished.

Vanquished Creatures (others)
  Asterion (Spider:1)
  An ogre mage (Orc:2)
  4 two-headed ogres (Orc:2)
  A spriggan rider (Lair:4)
  2 wolf spiders (Spider:1)
  3 wolf spider zombies (Spider:1)
  A cane toad (Lair:4)
  2 rime drakes (Lair:4)
  A redback zombie (Spider:1)
  A hornet (Lair:4)
  2 tarantella zombies (Spider:1)
  A culicivora zombie (Spider:1)
  2 culicivoras (Spider:1)
  4 spriggans (Lair:4)
  A wind drake zombie (Lair:3)
  3 wyverns (Lair:4)
  6 two-headed ogre zombies (Orc:2)
  A cane toad zombie (Lair:4)
  2 elephant zombies (Lair:4)
  3 blink frog zombies (Lair:2)
  A hornet zombie (Lair:4)
  A black bear (Lair:4)
  5 ogres (Orc:2)
  4 rime drake zombies (Lair:4)
  A komodo dragon zombie (Lair:2)
  4 wyvern zombies (Lair:4)
  A troll zombie (Orc:1)
  A demonspawn zombie (D:9)
  8 yak zombies
  6 spriggan zombies (Lair:4)
  4 wolf zombies (Lair:1)
  2 bullfrog zombies
  2 black bear zombies (D:10)
  A scorpion zombie (D:10)
  A boggart zombie (Lair:4)
  A hell rat (Lair:4)
  17 ogre zombies (Orc:2)
  6 hell rat zombies (Lair:4)
  A howler monkey zombie (D:10)
  14 orc zombies
  66 fungi
  52 plants
  4 withered plants (Lair:4)
245 creatures vanquished.

Grand Total: 771 creatures vanquished

Notes
Turn   | Place    | Note
-------+----------+-------------------------------------------
     0 | D:1      | jt the Gargoyle Hedge Wizard began the quest for the Orb.
     0 | D:1      | Reached XP level 1. HP: 10/10 MP: 4/4
    49 | D:1      | Reached skill level 1 in Fighting
   244 | D:1      | Reached XP level 2. HP: 17/17 MP: 0/6
   797 | D:1      | Reached XP level 3. HP: 22/22 MP: 3/7
  1125 | D:2      | Found a faded altar of an unknown god.
  1133 | D:2      | Prayed at the altar of an unknown god.
  1133 | D:2      | Became a worshipper of Kikubaaqudgha
  1133 | D:2      | Reached * piety under Kikubaaqudgha
  1133 | D:2      | Received a gift from Kikubaaqudgha
  1354 | D:2      | Reached XP level 4. HP: 28/29 MP: 4/8
  1881 | D:2      | Learned a level 1 spell: Necrotise
  2784 | D:3      | Reached XP level 5. HP: 34/34 MP: 9/9
  2793 | D:3      | Reached ** piety under Kikubaaqudgha
  2794 | D:3      | Reached skill level 1 in Necromancy
  2875 | D:3      | Reached skill level 5 in Fighting
  3134 | D:4      | Identified a scroll of acquirement
  3134 | D:4      | Acquired 524 gold pieces
  3225 | D:4      | Noticed a centaur
  3235 | D:4      | HP: 1/35 [gnoll/+0 halberd (7)]
  3701 | D:4      | Reached XP level 6. HP: 37/40 MP: 10/10
  3720 | D:4      | Noticed Ijyb
  4032 | D:4      | Killed Ijyb
  4078 | D:4      | Found a runed translucent gate.
  4078 | D:4      | Found a runed translucent gate.
  4078 | D:4      | Found a runed translucent gate.
  4079 | D:4      | Noticed eyesofgods1's ghost (amateur DsFi)
  4415 | D:4      | Found Deklifeile's Assorted Antiques.
  4423 | D:4      | Bought a runed iron wand for 92 gold pieces
  4423 | D:4      | Bought a forked iron wand for 92 gold pieces
  4423 | D:4      | Bought a masterwork mace for 184 gold pieces
  4423 | D:4      | Identified the +8 mace of the Hungering Gods {freeze, rC+}
                  | (You bought it in a shop on level 4 of the Dungeon)
  4424 | D:4      | Bought a murky ruby potion for 20 gold pieces
  4424 | D:4      | Bought a potion of curing for 69 gold pieces
  4450 | D:4      | Identified the +6 war axe of Xutseimn {protect, rF+++ rC+
                  | Dex-5 Stlth+}
  4480 | D:4      | Reached skill level 1 in Armour
  4480 | D:4      | Noticed Grinder
  4488 | D:4      | Paralysed by Grinder for 4 turns
  4493 | D:4      | Found Botz's Book Shoppe.
  4495 | D:4      | Found a broken altar of Ashenzari.
  4644 | D:5      | Entered Level 5 of the Dungeon
  4686 | D:5      | Found an iron altar of Okawaru.
  4696 | D:5      | Found a staircase to the Ecumenical Temple.
  4702 | Temple   | Entered the Ecumenical Temple
  4783 | D:5      | Reached skill level 1 in Axes
  4783 | D:5      | Reached XP level 7. HP: 45/45 MP: 11/11
  4786 | D:5      | Learned a level 2 spell: Blink
  4803 | D:5      | Reached *** piety under Kikubaaqudgha
  4803 | D:5      | Received a gift from Kikubaaqudgha
  4804 | D:5      | Reached skill level 1 in Translocations
  4927 | D:4      | Killed Grinder
  4928 | D:4      | Reached skill level 2 in Axes
  5044 | D:4      | Found an ornate altar of the Wu Jian Council.
  5233 | D:4      | Identified the +6 mace "Giasuace" {drain, rF+}
  5286 | D:5      | Reached XP level 8. HP: 51/51 MP: 12/12
  5455 | D:5      | Reached skill level 3 in Axes
  5974 | D:6      | Reached **** piety under Kikubaaqudgha
  5976 | D:6      | Reached skill level 4 in Axes
  6101 | D:4      | Learned a level 3 spell: Vampiric Draining
  6348 | D:6      | Found a sparkling altar of Nemelex Xobeh.
  6371 | D:6      | Reached skill level 5 in Necromancy
  6374 | D:6      | Reached XP level 9. HP: 50/55 MP: 13/13
  6472 | D:6      | Noticed Edmund
  6481 | D:6      | Killed Edmund
  6617 | D:7      | Reached skill level 5 in Axes
  6653 | D:7      | Reached skill level 5 in Translocations
  6747 | D:7      | Found a snail-covered altar of Cheibriados.
  6833 | D:7      | Found a sand-covered staircase.
  6841 | Ossuary  | Entered an ossuary
  6847 | Ossuary  | Learned a level 4 spell: Dispel Undead
  6970 | Ossuary  | Reached ***** piety under Kikubaaqudgha
  7470 | D:7      | Found a bloodstained altar of Trog.
  7567 | D:7      | Found a runed translucent door.
  7575 | D:7      | Found a runed translucent door.
  7596 | D:7      | Reached skill level 6 in Axes
  7922 | D:7      | Identified the +1 leather armour "Axtesseo" {Contam Harm
                  | rElec Slay+4}
  7991 | D:8      | Identified the +0 leather armour "Meiril" {Fly}
  8113 | D:8      | Reached XP level 10. HP: 60/60 MP: 16/16
  8134 | D:8      | Found a flagged portal.
  8168 | D:8      | Learned a level 4 spell: Animate Dead
  8282 | Bailey   | Entered a bailey
  8725 | Bailey   | Reached skill level 7 in Axes
  8725 | Bailey   | Reached XP level 11. HP: 64/64 MP: 20/20
  8726 | Bailey   | Reached skill level 9 in Axes
  8726 | Bailey   | Reached XP level 12. HP: 69/69 MP: 23/23
  8999 | D:8      | Found Ule Erij's Weapon Shoppe.
  9028 | D:8      | Identified the +4 spear "Ymaarr" {flame, rCorr Str+5
                  | Stlth-}
  9404 | D:9      | Noticed Amaemon
  9427 | D:9      | Killed Amaemon
  9574 | D:9      | Reached ****** piety under Kikubaaqudgha
 10023 | D:9      | Found a basalt altar of Yredelemnul.
 10284 | D:9      | Found an opulent altar of Gozag.
 10284 | D:9      | Found a shimmering blue altar of Sif Muna.
 10505 | D:9      | Your ally Amaemon died
 11089 | D:10     | Entered Level 10 of the Dungeon
 11283 | D:10     | Found a staircase to the Lair.
 11341 | D:10     | Found a runed translucent door.
 11346 | D:10     | Noticed Alarak's ghost (journeyman DjFE)
 11354 | D:10     | Killed Alarak's ghost
 11793 | D:10     | Found a staircase to the Orcish Mines.
 12493 | Lair:1   | Entered Level 1 of the Lair of Beasts
 12530 | Lair:1   | Reached skill level 10 in Axes
 12849 | Lair:1   | Found a runed translucent gate.
 12849 | Lair:1   | Found a runed translucent gate.
 12849 | Lair:1   | Found a runed translucent gate.
 12921 | Lair:1   | Noticed gabibbone's ghost (journeyman TrFi)
 12967 | Lair:1   | Reached skill level 10 in Necromancy
 12967 | Lair:1   | Reached XP level 13. HP: 59/74 MP: 26/26
 12972 | Lair:1   | Killed gabibbone's ghost
 14149 | Lair:1   | Noticed Gastronok
 14164 | Lair:1   | Killed Gastronok
 14695 | Lair:2   | Reached skill level 11 in Axes
 14924 | Lair:2   | Found a hole to the Spider Nest.
 14942 | Lair:2   | Reached skill level 10 in Spellcasting
 15702 | Lair:2   | Noticed Sonja
 15706 | Lair:2   | Killed Sonja
 15719 | Lair:2   | Noticed Fannar
 15738 | Lair:2   | Killed Fannar
 16447 | Lair:3   | Found a staircase to the Shoals.
 17046 | Lair:3   | Gained mutation: Your large and strong wings let you fly.
                  | [Gargoyle growth]
 17046 | Lair:3   | Reached XP level 14. HP: 49/79 MP: 28/28
 17206 | Lair:3   | Learned a level 4 spell: Anguish
 17524 | Lair:3   | Reached skill level 1 in Hexes
 18256 | Lair:4   | Reached skill level 12 in Axes
 18726 | Lair:4   | Reached skill level 1 in Shields
 19910 | Lair:4   | Found a runed translucent gate.
 19910 | Lair:4   | Found a runed translucent gate.
 19916 | Lair:4   | Found a runed translucent gate.
 19916 | Lair:4   | Noticed Inib's ghost (journeyman TrFi)
 19916 | Lair:4   | Noticed Muleplesh's ghost (journeyman FeTm)
 19916 | Lair:4   | Noticed Inib's ghost (journeyman TrFi)
 19932 | Lair:4   | Killed Inib's ghost
 19938 | Lair:4   | Killed Inib's ghost
 19949 | Lair:4   | Killed Muleplesh's ghost
 20094 | Lair:4   | Identified the +0 dire flail "Plog" {vorpal, rF+ rC+ Int+4}
 20270 | Lair:5   | Entered Level 5 of the Lair of Beasts
 20379 | Orc:1    | Entered Level 1 of the Orcish Mines
 20624 | Orc:2    | Entered Level 2 of the Orcish Mines
 20629 | Orc:2    | Noticed Donald
 20638 | Orc:2    | Killed Donald
 20652 | Orc:2    | Reached XP level 15. HP: 35/84 MP: 9/30
 20682 | Orc:2    | Reached skill level 5 in Hexes
 20948 | Orc:2    | Found Wisosoa's Antique Armour Shoppe.
 20948 | Orc:2    | Found Caguisad's Antique Weapon Boutique.
 20949 | Orc:2    | Found Cokacure's Book Shop.
 20949 | Orc:2    | Found Othrewaco's General Store.
 21179 | Orc:2    | Noticed Rupert
 21197 | Orc:2    | Killed Rupert
 21259 | Orc:2    | Found a staircase to the Elven Halls.
 21597 | Spider:1 | Entered Level 1 of the Spider Nest
 21621 | Spider:1 | Reached skill level 5 in Shields
 21943 | Spider:1 | Reached skill level 13 in Axes
 22351 | Spider:1 | Noticed Asterion
 22367 | Spider:1 | Killed Asterion
 22369 | Spider:1 | Slain by a pharaoh ant

Illustrated notes

Levels and vault maps discovered:
D:1:      eino_arrival_tree_alley, layout_rooms
D:2:      layout_basic, basic_altar, hellmonk_ecumenical_altar_run_dry,
          serial_bayou_ford_a, hex_intersection, wad_floor_pattern_1
D:3:      layout_loops_corners
D:4:      layout_cave_pools, nicolae_wu_jian_glorious_leap,
          lemuel_crystal_altar, ebering_ghost_rock_garden, serial_shops,
          nicolae_shop_crystal, shop, hangedman_minor_gate_pass, uniq_grinder,
          uniq_ijyb
D:5:      layout_rooms, mainiacjoe_overflow_chevrons, minmay_temple_entry_waves,
          nicolae_figureground_pulse
D:6:      layout_cave_pools, mainiacjoe_overflow_small_starburst, uniq_edmund
D:7:      lemuel_insect_pit, layout_basic, lightli_temple_of_fire,
          kennysheep_mini_moat, nicolae_ossuary_entry_giza
D:8:      layout_basic, serial_shops, nicolae_shop_bloodbath_and_beyond,
          enter_bailey_7, supply_closet_lemuel
D:9:      layout_layer_cave, lemuel_zombie_altar_yredelemnul,
          amethyst_overflow_temple_binary, uniq_amaemon
D:10:     layout_stronghold, due_lair_maze_entry_diamond, orc_0_dummy,
          ebering_ghost_reflecting_pool, minmay_increasing_density
Temple:   nicolae_temple_god_jail
Lair:1:   layout_cave_pods, gammafunk_ghost_icy, uniq_gastronok
Lair:2:   layout_cave_shapes, dummy_spider_entry, grunt_megastairs_5,
          uniq_fannar, uniq_sonja
Lair:3:   layout_small_grid, minmay_shoals_entry_beasts
Lair:4:   kb_forest_paths, layout_long_grid, special_room
          [special_room_mythical_zoo], gammafunk_ghost_cemetery
Lair:5:   evil_forest, layout_misc_corridors, nicolae_slime_entry_slimehenge,
          basic_altar, grunt_megastairs_3, lemuel_fruit_tree,
          serial_bayou_shore_a
Spider:1: layout_spider_delve, uniq_asterion
Orc:1:    layout_caves, serial_shops, shop, basic_altar
Orc:2:    st_orc_ogre_mass, layout_caves, uniq_donald, uniq_rupert

Skill      XL: |  1  2  3  4  5  6  7  8  9 10 11 12 13 14 15 |
---------------+----------------------------------------------+-----
Fighting       | 1 2 3 4 5 |  5.8
Necromancy     | 2 3 5 6 7 9 10 11 12 | 12.4
Armour         | 1 2 4 |  4.0
Axes           | 1 2 4 6 7 9 10 11 12 13 | 13.0
Translocations | 2 4 5 |  5.0
Spellcasting   | 4 6 7 9 10 11 12 | 12.1
Throwing       | 3 |  3.9
Evocations     | 3 |  3.9
Hexes          | 4 5 |  5.6
Shields        | 3 5 |  5.5
Maces & Flails | |  0.5
Dodging        | |  1.5
Stealth        | |  2.1
Conjurations   | |  1.1
Summonings     | |  0.8

Action                   |  1- 3 |  4- 6 |  7- 9 | 10-12 | 13-15 || total
-------------------------+-------+-------+-------+-------+-------++-------
Melee: Dagger            |    58 |    26 |       |       |       ||    84
       Punch             |     1 |     1 |     1 |     4 |     7 ||    14
       Short sword       |    42 |   134 |       |       |       ||   176
       Mace              |       |    17 |       |       |       ||    17
       War axe           |       |    10 |   264 |   345 |   406 ||  1025
       Battleaxe         |       |       |       |       |    11 ||    11
       Spear             |       |       |       |       |    12 ||    12
Throw: Dart              |       |       |     8 |    27 |    35 ||    70
       Javelin           |       |       |       |     2 |       ||     2
       Boomerang         |       |       |       |       |     1 ||     1
 Cast: Magic Dart        |    52 |    15 |    12 |    10 |    11 ||   100
       Necrotise         |       |    18 |    24 |    21 |    99 ||   162
       Blink             |       |       |     6 |     3 |    13 ||    22
       Dispel Undead     |       |       |     2 |     4 |    14 ||    20
       Animate Dead      |       |       |       |     7 |     9 ||    16
       Vampiric Draining |       |       |       |     3 |    23 ||    26
       Anguish           |       |       |       |       |    22 ||    22
Invok: Unearth Wretches  |       |       |     1 |       |     2 ||     3
       Torment           |       |       |       |       |     1 ||     1
Evoke: Wand              |       |     6 |     3 |     6 |    17 ||    32
       Condenser vane    |       |       |       |       |     2 ||     2
  Use: Scroll            |       |    12 |     9 |     2 |    10 ||    33
       Potion            |       |     7 |     5 |     3 |     1 ||    16
 Stab: Sleeping          |       |     1 |     4 |    13 |     1 ||    19
       Distracted        |       |       |       |     1 |     4 ||     5
       Invisible         |       |       |       |     1 |     1 ||     2
       Paralysed         |       |       |       |       |     2 ||     2
Armor: Robe              |    39 |    66 |       |       |       ||   105
       Leather armour    |       |    34 |   147 |   161 |       ||   342
       Ring mail         |       |       |    59 |   145 |   381 ||   585
Dodge: Dodged            |    65 |    93 |   185 |   238 |   276 ||   857
Block: Buckler           |       |       |       |       |    28 ||    28

Table legend: (Time is in decaauts)
 A = Elapsed time spent in this place.
 B = Non-inter-level travel time spent in this place.
 C = Inter-level travel time spent in this place.
 D = Time resting spent in this place.
 E = Time spent auto-exploring this place.
 F = Levels seen in this place.
 G = Mean time per level.
                   A        B        C        D        E       F      G
               +--------+--------+--------+--------+--------+-----+--------+
         Total |  22474 |  21553 |    921 |   6893 |   7272 |  21 | 1070.2 |
       Dungeon |  11952 |  11299 |    653 |   3113 |   3818 |  10 | 1195.2 |
        Temple |     64 |     64 |      0 |      0 |      0 |   1 |   64.0 |
          Lair |   7637 |   7420 |    217 |   2626 |   3049 |   5 | 1527.4 |
   Spider Nest |    766 |    766 |      0 |    539 |     28 |   1 |  766.0 |
  Orcish Mines |   1125 |   1075 |     50 |    397 |    340 |   2 |  562.5 |
       Ossuary |    450 |    450 |      0 |     34 |     37 |   1 |  450.0 |
        Bailey |    478 |    478 |      0 |    184 |      0 |   1 |  478.0 |
               +--------+--------+--------+--------+--------+-----+--------+

Top non-repeatable levels by time:
  Lair:4: 2075 daAuts
     D:3: 2001 daAuts
  Lair:1: 1977 daAuts
  Lair:2: 1826 daAuts
  Lair:3: 1756 daAuts
    D:10: 1713 daAuts
     D:9: 1705 daAuts
     D:2: 1126 daAuts
     D:1: 1081 daAuts
     D:8: 988 daAuts
     D:4: 951 daAuts
     D:7: 937 daAuts
   Orc:2: 878 daAuts
     D:6: 791 daAuts
Spider:1: 766 daAuts
